Workbook

Sheet 封面
B1: 成都英英房地产开发有限公司破产清算案维修 | E1: 工程
A2: 投 标 总 价
A3: 投 标 人:
A4: （单位盖章）
A6: 封-3

Sheet 扉页
A1: 投 标 总 价
A2: 招 标 人: | H2: 成都英英房地产房地产开发有限公司管理人
A3: 工 程 名 称: | H3: 成都英英房地产开发有限公司破产清算案维修工程
A4: 投标总价(小写): | H4: =汇总表!C8 -> 7404801.2 | O4: 元
A5: (大写): | H5: =H4 -> 7404801.2
A8: 投 标 人:
C9: (单位盖章)
A10: 法定代表人 或其授权人:
B11: (签字或盖章)
A12: 编 制 人:
D13: (造价人员签字盖专用章)
A14: 时 间:
I15: 扉-3

Sheet 汇总表
B1: 成都英英房地产开发有限公司破产清算案 维修工程汇总表
A2: 序号 | B2: 类别 | C2: 总价（元） | D2: 备注
A3: 1 | B3: 总平雨污管网及铺装维修工程 | C3: =总平!G47 -> 1942453.8
A4: 2 | B4: 车库出入口钢结构玻璃雨棚工程 | C4: =雨棚!G21 -> 1170735.5
A5: 3 | B5: 零星工程 | C5: =零星!G846 -> 764542.97
A6: 4 | B6: 垃圾房工程 | C6: =垃圾房!G55 -> 189079.38
A7: 5 | B7: 1#楼亮化工程 | C7: =亮化!G48 -> 3337989.6
A8: 6 | B8: 含税总价 | C8: =SUM(C3:C7) -> 7404801.2
B12: 日期： | D12: 45897

Sheet 总平
A1: 成都英英房地产开发有限公司破产清算案维修工程 【总平雨污管网及铺装维修】工程量清单
A2: 序号 | B2: 项目名称 | C2: 项目特征描述 | D2: 单位 | E2: 工程量 | F2: 综合单价 | G2: 合价 | H2: 备注
A3: 一 | B3: 土建工程
A4: 1 | B4: 金属栏杆拆除 | C4: 1.栏杆的高度：0.8m； 2.栏杆、栏板种类：金属栏杆。 | D4: m | E4: 10 | F4: 17.62 | G4: =ROUND(E4*F4,2) -> 176.2 | H4: 后街（长190m，宽1.5m处理）
A5: 2 | B5: 挖沟槽土方 | C5: 1.土石比例：综合； 2.基础类型：综合； 3.开挖深度：以现场实际情况为准； 4.开挖方式：人工； 5.场内运距：1km以内，运输费用含在本项清单综合单价中。 | D5: m | E5: 190 | F5: 291.1 | G5: =ROUND(E5*F5,2) -> 55309 | H5: 后街（长190m，宽1.5m处理）（综合考虑深度2-3m）
A6: 3 | B6: 广场石材拆除 | C6: 1.材质：150mm*150mm、600mm*200mm、600mm*300mm、300mm*300mm广场石材； 2.厚度：20mm、30mm、50mm。 | D6: m2 | E6: =190*1.5 -> 285 | F6: 38.23 | G6: =ROUND(E6*F6,2) -> 10895.55 | H6: 后街（长190m，宽1.5m处理），前街、中街（施工部位零散，以现场实际收方签字盖章确认为准）
A7: 4 | B7: 广场砖混凝土基层、排水沟垫层拆除 | C7: 1.材质：混凝土基层； 2.厚度：100mm。 | D7: m2 | E7: 1250 | F7: 41.63 | G7: =ROUND(E7*F7,2) -> 52037.5 | H7: 后街（长190m，宽1.5m处理）+管沟（长1469m，宽0.5m处理），前街、中街（施工部位零散，以现场实际收方签字盖章确认为准）
A8: 5 | B8: 砖砌排水沟拆除 | C8: 1.结构形式：砖砌排水沟； 2.强度：M5。 | D8: m | E8: 800 | F8: 62.8 | G8: =ROUND(E8*F8,2) -> 50240 | H8: 前中后街（暂估工程量）
A9: 6 | B9: 砖砌井拆除 | C9: 1.结构形式：砖砌井直径630mm，1800mm深； 2.强度：M5。 | D9: 座 | E9: 51 | F9: 186.33 | G9: =ROUND(E9*F9,2) -> 9502.83 | H9: 前中后街（暂估工程量）
A10: 7 | B10: 预制不锈钢线性排水沟盖板拆除 | C10: 1.构件名称：预制不锈钢线性排水沟盖板拆除。 | D10: m | E10: 400 | F10: 15.62 | G10: =ROUND(E10*F10,2) -> 6248 | H10: 前中后街（暂估工程量）
A11: 8 | B11: 土方回填夯实 | C11: 1.密实度要求:综合； 2.填方材料品种:土方； 3.填方粒径要求:综合； 4.填方来源、运距:原土回填。 | D11: m3 | E11: 30 | F11: 56.2 | G11: =ROUND(E11*F11,2) -> 1686 | H11: 后街（长190m，宽1.5m处理），前街、中街（施工部位零散，以现场实际收方签字盖章确认为准）
A12: 9 | B12: C20砼垫层 | C12: 1.垫层材料种类、厚度:C20混凝土； 2.混凝土强度等级:C20； | D12: m3 | E12: =190*1.2*0.1+190*(0.3+0.1*2)*0.1+1469.17*0.5*0.1 -> 105.7585 | F12: 572.66 | G12: =ROUND(E12*F12,2) -> 60563.66 | H12: 后街（长190m，宽1.5m处理）+管沟（长1469m，宽0.5m处理）
A13: 10 | B13: 150mm*150mm、50mm厚广场石材 | C13: 1.找平层材料种类、厚度：1:3水泥砂浆20mm厚； 2.结合层厚度、砂浆配合比：20mm厚1:2干硬性水泥砂浆； 3.石材面层材料品种、规格：150mm*150mm、50mm厚； 4.嵌缝材料种类：白水泥浆擦缝 5.其余满足设计要求及相关技术规范。 | D13: m2 | E13: 480 | F13: 338.2 | G13: =ROUND(E13*F13,2) -> 162336 | H13: 后街（长190m，宽1.5m处理）
A14: 11 | B14: 30mm厚广场石材（尺寸综合考虑） | C14: 1.找平层材料种类、厚度：1:3水泥砂浆20mm厚； 2.结合层厚度、砂浆配合比：20mm厚1:2干硬性水泥砂浆； 3.石材面层材料品种、规格：30mm厚尺寸综合考虑 4.嵌缝材料种类：白水泥浆擦缝 5.其余满足设计要求及相关技术规范。 | D14: m2 | E14: 660 | F14: 296.6 | G14: =ROUND(E14*F14,2) -> 195756 | H14: 后街（长190m，宽1.5m处理）
A15: 12 | B15: 30mm厚铜板石（尺寸综合考虑） | C15: 1.找平层材料种类、厚度：1:3水泥砂浆20mm厚； 2.结合层厚度、砂浆配合比：20mm厚1:2干硬性水泥砂浆； 3.石材面层材料品种、规格：30mm厚铜板石（尺寸综合考虑） 4.嵌缝材料种类：白水泥浆擦缝 5.其余满足设计要求及相关技术规范。 | D15: m2 | E15: 50 | F15: 356.6 | G15: =ROUND(E15*F15,2) -> 17830 | H15: 后街（长190m，宽1.5m处理）
A16: 13 | B16: 排水沟砌筑抹灰（考虑加高） | C16: 1.沟截面尺寸：排水沟净宽300mm、净深500mm、壁厚为200mm； 2.垫层材料种类、厚度:C20混凝土、厚100mm 3.砖品种、规格、强度等级:MU10烧结页岩砖、240mm×115mm×53mm 4.砂浆强度等级、配合比:M5水泥砂浆 | D16: m | E16: 400 | F16: 318.2 | G16: =ROUND(E16*F16,2) -> 127280 | H16: 前中后街（暂估工程量）
A17: 14 | B17: 预制不锈钢线性排水沟盖板 | C17: 1.钢材种类：预制不锈钢线性排水沟盖板； 2.规格：长1m*宽0.46m、壁厚5mm+长1m*宽0.06m、壁厚5mm、4条； 3.铁件尺寸：详见施工图。 | D17: m | E17: 400 | F17: 276.3 | G17: =ROUND(E17*F17,2) -> 110520 | H17: 前中后街（暂估工程量）
A18: 15 | B18: 金属栏杆安装 | C18: 1.构件名称 :详设计图纸，型号规格综合； 2.钢材品种、规格：金属栏杆； 3.包括构件制作、拼装、加固、翻身、起吊、校正、就位、安装等全部费用。 | D18: m | E18: 10 | F18: 322.2 | G18: =ROUND(E18*F18,2) -> 3222 | H18: 后街（长190m，宽1.5m处理）
A19: 16 | B19: 排水沟清淤 | C19: 1.挖掘深度：20cm以内； 2.运距：综合。 | D19: m | E19: =0.3*800*0.2 -> 48 | F19: 113.2 | G19: =ROUND(E19*F19,2) -> 5433.6 | H19: 前中后街（暂估工程量）
A20: 17 | B20: 雨污水管网疏通 | C20: 疏通管道 | D20: 次 | E20: 1 | F20: 826.2 | G20: =ROUND(E20*F20,2) -> 826.2
A21: 18 | B21: 建渣清运 | C21: 1.废弃料品种 2.运距 | D21: m3 | E21: 50 | F21: 187.62 | G21: =ROUND(E21*F21,2) -> 9381 | H21: 后街（长190m，宽1.5m处理），前街、中街（施工部位零散，以现场实际收方签字盖章确认为准）
A22: 19 | B22: 临时彩钢围挡安拆 | C22: 临时彩钢围挡安拆暂按2.2m | D22: m2 | E22: 1000 | F22: 118.2 | G22: =ROUND(E22*F22,2) -> 118200 | H22: 前中后街（暂估工程量）
A23: 20 | B23: 挪花坛及恢复（波纹形状） | D23: 个 | E23: 1 | F23: 12.6 | G23: =ROUND(E23*F23,2) -> 12.6 | H23: 后街（长190m，宽1.5m处理）
A24: 21 | B24: 挪花坛及恢复（方形） | D24: 个 | E24: 1 | F24: 12.6 | G24: =ROUND(E24*F24,2) -> 12.6 | H24: 后街（长190m，宽1.5m处理）
A25: 22 | B25: 垫层模板 | C25: 构件类型：垫层 | D25: m2 | E25: =190*0.1*2+1469.17*0.1*2 -> 331.834 | F25: 37.2 | G25: =ROUND(E25*F25,2) -> 12344.22 | H25: 后街（长190m，宽1.5m处理）
A26: 23 | B26: 成品保护费 | C26: 前中后街综合考虑，本项无论工程量增减按固定总价包干 | D26: 项 | E26: 1 | F26: 37882.6 | G26: =ROUND(E26*F26,2) -> 37882.6 | H26: 后街（长190m，宽1.5m处理）
B27: 小计 | G27: =SUM(G4:G26) -> 1047695.6
A28: 二 | B28: 安装工程
A30: 1 | B30: PVC- U双壁波纹排水管 De500 | C30: 1.名称：PVC- U双壁波纹排水管 2.材质及规格：De500 3.连接形式：承插 4.环刚度：SN8 | D30: m | E30: 850 | F30: 135.6 | G30: =ROUND(E30*F30,2) -> 115260
A31: 2 | B31: 承插口 De500 | C31: 1.名称：橡胶止水圈 2.规格：DN500 3.材质：橡胶 | D31: 个 | E31: 121 | F31: 23.8 | G31: =ROUND(E31*F31,2) -> 2879.8
A32: 3 | B32: 塑料检查井 630mm | C32: 1.名称：塑料检查井 2.检查井材质、规格：630mm 3.井筒、井盖、井圈材质及规格：复合材料 | D32: 座 | E32: 51 | F32: 862.41 | G32: =ROUND(E32*F32,2) -> 43982.91
A33: 4 | B33: 砖砌检查井 | C33: 1.井口尺寸：直径D800mm、深度1500mm以内。 2.垫层材料种类、厚度:C20混凝土、厚100mm 3.砖品种、规格、强度等级:MU10烧结页岩砖、240mm×115mm×53mm 4.砂浆强度等级、配合比:M5水泥砂浆 5.内抹灰厚度20mm | D33: 座 | E33: 10 | F33: 928.6 | G33: =ROUND(E33*F33,2) -> 9286
A34: 5 | B34: 挖沟槽土方 | C34: 1.土石比例：综合； 2.基础类型：综合； 3.开挖深度：以现场实际情况为准； 4.开挖方式：人工； 5.场内运距：1km以内，运输费用含在本项清单综合单价中。 | D34: m | E34: 600 | F34: 292.5 | G34: =ROUND(E34*F34,2) -> 175500 | H34: （深度2m-3m）
A35: 6 | B35: 土方回填夯实 | C35: 1.密实度要求:综合； 2.填方材料品种:土方； 3.填方粒径要求:综合； 4.填方来源、运距:原土回填。 | D35: m3 | E35: 1500 | F35: 56.2 | G35: =ROUND(E35*F35,2) -> 84300
A36: 7 | B36: 高分子井盖井座 | C36: 1.名称：高分子井盖 2.检查井材质、规格：630mm 3.井筒、井盖、井圈材质及规格：高分子 | D36: 座 | E36: 60 | F36: 331.1 | G36: =ROUND(E36*F36,2) -> 19866
A37: 8 | B37: PVC- U双壁波纹排水管 De300（拆除） | C37: 1.名称：PVC- U双壁波纹排水管 2.材质及规格：De300 3.连接形式：承插 | D37: m | E37: 850 | F37: 21.2 | G37: =ROUND(E37*F37,2) -> 18020
A38: 9 | B38: 建渣清运 | C38: 1.废弃料品种 2.运距 | D38: m3 | E38: =5373.09-5269.29 -> 103.8 | F38: 187.62 | G38: =ROUND(E38*F38,2) -> 19474.96 | H38: 管沟余方弃置
B39: 小计 | G39: =SUM(G30:G38) -> 488569.67
A40: 四 | B40: 综合取费
A41: 1 | B41: 安全文明施工费 | C41: 包含安全施工、文明施工、临时设施、人员食宿、楼层及周边因素导致的施工降效等方面的投入； 按直接工程费3%计取。 | D41: 项 | E41: 1 | F41: =(G27+G39)*0.03 -> 46087.957 | G41: =ROUND(E41*F41,2) -> 46087.96
A42: 2 | B42: 管理费 | C42: 按直接工程费的5%计取 （一+二+三）*5% | D42: 项 | E42: 1 | F42: =(G27+G39)*0.05 -> 76813.261 | G42: =ROUND(E42*F42,2) -> 76813.26
A43: 3 | B43: 利润 | C43: 按直接工程费的8%计取 （一+二+三）*8% | D43: 项 | E43: 1 | F43: =(G27+G39)*0.08 -> 122901.22 | G43: =ROUND(E43*F43,2) -> 122901.22
B44: 小计 | G44: =SUM(G41:G43) -> 245802.44
A45: 五 | B45: 税金
A46: 1 | B46: 税金 | C46: 直接工程费及综合取费为计算基数，税率9% | D46: 项 | E46: 1 | F46: =(G27+G39+G44)*0.09 -> 160386.09 | G46: =ROUND(E46*F46,2) -> 160386.09
B47: 合计 | C47: （一+二+三+四+五） | G47: =G27+G44+G46+G39 -> 1942453.8
A48: 报价说明：1、综合单价包含但不限于人工费、材料费、机械费、施工过程中的人工及材料涨价风险费、完成对应工序所需要的一切周材租赁/耗材损失/配合等费用。 2、本报价工程量为暂估，以现场实际收方签字盖章确认为准。

Sheet 雨棚
A1: 成都英英房地产开发有限公司破产清算案维修工程 【车库出入口钢结构玻璃雨棚工程】工程量清单
A2: 工程名称：京韵里项目消防维修改造工程\【车库雨棚】
A3: 序号 | B3: 项目名称 | C3: 项目特征描述 | D3: 计量 单位 | E3: 工程量 | F3: 金额（元） | H3: 备注
F4: 综合单价 | G4: 合价
A5: 1 | B5: 汽车坡道、自行车坡道玻璃采光雨棚 | C5: 1.玻璃雨篷固定方式:200*200*5 2.龙骨材料种类、规格、中距:120*80*4矩管表面均采用氟碳喷涂，中距综合考虑 3.玻璃材料品种、规格:6+1.52PVB+6钢化夹胶玻璃 4.连接件及螺栓:与主体连接的转接件满足设计要求 5.嵌缝、塞口材料种类:根据设计要求 6.按玻璃雨棚外边线水平投影面积计算 7.其他:满足施工图纸、设计规范、验收规范及现行技术标准要求；满足招标文件要求 | D5: m2 | E5: 607 | F5: 996.272 | G5: =ROUND(E5*F5,2) -> 604737.1
A6: 2 | B6: 汽车坡道玻璃采光立面 | C6: 1.玻璃雨篷固定方式:驳接爪 2.龙骨材料种类、规格、中距:120*60*4矩管、80*80*3矩管、120*80*4矩管表面均采用氟碳喷涂，中距综合考虑。 3.玻璃材料品种、规格:6+1.52PVB+6钢化夹胶玻璃 4.连接件及螺栓:与主体连接的转接件满足设计要求 5.嵌缝、塞口材料种类:根据设计要求 6.按玻璃雨棚外边线水平投影面积计算 7.其他:满足施工图纸、设计规范、验收规范及现行技术标准要求；满足招标文件要求 | D6: m2 | E6: 180 | F6: 938.654 | G6: =ROUND(E6*F6,2) -> 168957.72
A7: 3 | B7: 汽车坡道50*50*5矩管氟碳喷涂格栅 | C7: 1.固定方式：详见图纸 2.格栅材料种类、规格、中距:50*50*5矩管净距100mm，除锈、防锈漆，表面氟碳喷涂 4.连接件及螺栓:与主体连接的转接件满足设计要求 5.嵌缝、塞口材料种类:根据设计要求 6.按格栅垂直投影面积计算 7.其他:满足施工图纸、设计规范、验收规范及现行技术标准要求；满足招标文件要求 | D7: m2 | E7: 0 | F7: 0 | G7: =ROUND(E7*F7,2) -> 0
A8: 4 | B8: 自行车坡道30*30*2矩管氟碳喷涂格栅 | C8: 1.固定方式：详见图纸 2.格栅材料种类、规格、中距:30*30*2矩管净距100mm，除锈、防锈漆，表面氟碳喷涂 4.连接件及螺栓:与主体连接的转接件满足设计要求 5.嵌缝、塞口材料种类:根据设计要求 6.按格栅垂直投影面积计算 7.其他:满足施工图纸、设计规范、验收规范及现行技术标准要求；满足招标文件要求 | D8: m2 | E8: 0 | F8: 0 | G8: =E8*F8 -> 0
A9: 5 | B9: 坡道外侧（含3#楼内侧）墙面及压顶芝麻白花岗岩石材 | C9: 1.基层类型:水泥砂浆墙面 2.20mm厚芝麻白荔枝面花岗岩,规格600mm宽以内 3.石材胶粘剂粘贴 4.防护材料种类:满足施工验收规范要求 5.缝宽、嵌缝材料种类:中性硅酮耐候胶 | D9: m2 | E9: 90 | F9: 375.648 | G9: =ROUND(E9*F9,2) -> 33808.32
A10: 6 | B10: 坡道压顶原有石材拆除及安装（安装立柱预埋件） | C10: 1.内容:拆除原压顶20mm厚芝麻白荔枝面花岗岩 2.石材开200*200mm预埋件孔、安装20mm厚芝麻白荔枝面花岗岩,规格600mm宽以内 3.石材胶粘剂粘贴 4.预埋件规格、间距：200*200*5镀锌钢板，间距1m，采用膨胀螺栓固定，间距1m。 4.防护材料种类:满足施工验收规范要求 5.缝宽、嵌缝材料种类:中性硅酮耐候胶 | D10: m2 | E10: 35 | F10: 421.185 | G10: =ROUND(E10*F10,2) -> 14741.48
A11: 7 | B11: 钢化夹胶玻璃于石材台面接缝处理 | C11: 1、嵌缝材料种类：硅酮玻璃胶 | D11: m | E11: =43.9*4+16.39*2 -> 208.38 | F11: 35.5524 | G11: =ROUND(E11*F11,2) -> 7408.41
A12: 8 | B12: 内侧原乳胶漆铲除、刷界面剂 | C12: 1.乳胶漆铲除 2.刷界面剂 3.满足贴石材施工规范 | D12: m2 | E12: =350*0.9 -> 315 | F12: 20.898 | G12: =ROUND(E12*F12,2) -> 6582.87
A13: 9 | B13: 坡道内侧（不含3#楼）墙面普通外墙涂料 | C13: 1.基层类型:水泥砂浆墙面修补 2.界面剂一道 3.3mm外墙柔性耐水腻子 4.普通外墙涂料一底两面 5.防护材料种类:满足施工验收规范要求 | D13: m2 | E13: =E12 -> 315 | F13: 93.009 | G13: =ROUND(E13*F13,2) -> 29297.84
A14: 10 | B14: 满堂脚手架搭拆 | C14: 1.满堂钢管脚手架搭拆 2.脚手架租赁 3.搭拆满足施工规范 4.多次搭拆、场内搬运及进出场费 5.计算方式：按水平投影面积计算 | D14: m2 | E14: 400 | F14: 103.4709 | G14: =ROUND(E14*F14,2) -> 41388.36
A15: 11 | B15: 措施项 | C15: 1.工程水电费 2.成品保护 3.垂直运输及水平运输、吊车设备进出场 4.障碍物及场地清理 5.建渣清运 6.配合物业费用 | D15: 项 | E15: 1 | F15: 12642 | G15: =ROUND(E15*F15,2) -> 12642
A16: 12 | B16: 安全文明施工费 | C16: 包含安全施工、文明施工、临时设施、人员食宿、楼层及周边因素导致的施工降效等方面的投入； 按直接工程费3%计取。 | D16: 项 | E16: 1 | F16: 0.03 | G16: =ROUND(SUM(G5:G15)*F16,2) -> 27586.92
A17: 13 | B17: 管理费 | C17: 按直接工程费的5%计取 （一+二+三）*5% | D17: 项 | E17: 1 | F17: 0.05 | G17: =ROUND(SUM(G5:G16)*F17,2) -> 47357.55
A18: 14 | B18: 利润 | C18: 按直接工程费的8%计取 （一+二+三）*8% | D18: 项 | E18: 1 | F18: 0.08 | G18: =ROUND(SUM(G5:G17)*F18,2) -> 79560.69
A19: 15 | B19: 不含税小计 | G19: =ROUND(SUM(G5:G18),2) -> 1074069.3
A20: 16 | B20: 税金 | C20: 直接工程费及综合取费为计算基数，税率9% | F20: 0.09 | G20: =ROUND(G19*F20,2) -> 96666.23
A21: 17 | B21: 合计 | G21: =SUM(G19:G20) -> 1170735.5
A22: 报价说明：1、综合单价包含但不限于人工费、材料费、机械费、施工过程中的人工及材料涨价风险费、完成对应工序所需要的一切周材租赁/耗材损失/配合等费用。 2、本报价工程量为暂估，以现场实际收方签字盖章确认为准。

Sheet 零星
A1: 成都英英房地产开发有限公司破产清算案维修工程 【零星】工程量清单
A2: 序号 | B2: 项目名称 | C2: 项目特征 | D2: 计量 单位 | E2: 工程量 | F2: 金额（元） | H2: 备注
F3: 综合单价 | G3: 合价
A4: 1 | B4: 土建类
A5: 2 | B5: 墙面抹灰层剔除 | C5: 1.铲除、清理； 2.厚度综合考虑。 | D5: m² | E5: 1 | F5: 45.8 | G5: =ROUND(E5*F5,2) -> 45.8
A6: 3 | B6: 墙面抹灰恢复 | C6: 1.清理基层； 2.调运砂浆及水泥石子浆； 3.刷素水泥浆； 4.砂浆抹面（厚度综合考虑）、压光、清洗； 5.养护。 | D6: m² | E6: 1 | F6: 52.36 | G6: =ROUND(E6*F6,2) -> 52.36
A7: 4 | B7: 墙、地面面砖铲除 | C7: 1.铲除（含面层及粘接层，厚度综合考虑）、清理； 2 含通体砖 玻化砖 劈开砖 马赛克等 | D7: m² | E7: 1 | F7: 43.16 | G7: =ROUND(E7*F7,2) -> 43.16
A8: 5 | B8: 墙、地面面砖恢复 | C8: 1.清理基层表面、弹线。 2.调运砂浆或粘接剂（厚度综合考虑）、选料、贴 面层、修嵌 缝隙。 3.清洁表面等全部操作过程。 4.主材费，主材按市场价格执行， | D8: m² | E8: 1 | F8: 267.2 | G8: =ROUND(E8*F8,2) -> 267.2
A9: 6 | B9: 地面找平层剔除 | C9: 1.铲除、清理； 2.厚度综合考虑。 | D9: m² | E9: 1 | F9: 47.61 | G9: =ROUND(E9*F9,2) -> 47.61
A10: 7 | B10: 地面找平层恢复 | C10: 1.清理基层； 2.调运砂浆及水泥石子浆； 3.刷素水泥浆； 4.砂浆抹面（厚度综合考虑）、压光、清洗； 5.养护。 | D10: m² | E10: 1 | F10: 57.43 | G10: =ROUND(E10*F10,2) -> 57.43
A11: 8 | B11: 天棚抹灰层剔除 | C11: 1.铲除（厚度综合考虑）、清理； 2.含简易脚手架。 | D11: m² | E11: 1 | F11: 19.2 | G11: =ROUND(E11*F11,2) -> 19.2
A12: 9 | B12: 天棚抹灰恢复 | C12: 1.清理基层； 2.调运砂浆及水泥石子浆； 3.刷素水泥浆； 4.砂浆抹面（厚度综合考虑）、压光、清洗； 5.养护。 6.含简易脚手架。 | D12: m² | E12: 1 | F12: 47.63 | G12: =ROUND(E12*F12,2) -> 47.63
A13: 10 | B13: 水泥砂浆填灌 | C13: 1.清扫、冲洗、划线、定位、灌缝、填缝等； 2.缝宽度综合考虑。 | D13: m | E13: 1 | F13: 34.2 | G13: =ROUND(E13*F13,2) -> 34.2
A14: 11 | B14: 墙面及天棚乳胶漆恢复 | C14: 1.刷底漆、找补腻子、打磨、面漆等全部操作过程 2 含简易脚手架 | D14: m² | E14: 1 | F14: 60.8 | G14: =ROUND(E14*F14,2) -> 60.8
A15: 12 | B15: 砖砌体拆除 | C15: 1.拆除时采取的安全措施，拆除材料的清理、集中、分类堆码和垃圾归堆。 | D15: m³ | E15: 1 | F15: 620.54 | G15: =ROUND(E15*F15,2) -> 620.54
A16: 13 | B16: 人工砌砖 | C16: 1.调、运、铺砂浆。 2.砌砖。 | D16: m³ | E16: 1 | F16: 1368 | G16: =ROUND(E16*F16,2) -> 1368
... A23: 20 | B23: 原有地面块料面层及粘接层拆除 | C23: 1.铲除、清理； 2.剔除至基层； 3.厚度20mm。 | D23: m² | E23: 1 | F23: 73.34 | G23: =ROUND(E23*F23,2) -> 73.34
A24: 21 | B24: 原有地面块料面层及粘接层拆除厚度每增加5mm | C24: 1.铲除、清理； 2.剔除至基层； | D24: m2 | E24: 1 | F24: 18 | G24: 18
A25: 22 | B25: 原有墙面腻子、抹灰层拆除 | C25: 1.铲除、清理； 2.剔除至基层； 3.厚度综合考虑。 | D25: m² | E25: 1 | F25: 68.4 | G25: =ROUND(E25*F25,2) -> 68.4
A26: 23 | B26: 基层抹灰处理 | C26: 1.恢复至原厚度，厚度综合考虑。 | D26: m² | E26: 1 | F26: 66.88 | G26: =ROUND(E26*F26,2) -> 66.88
A27: 24 | B27: 卷材防水处理及保护层 | C27: 1.根据具体项目及部位重新做找平层、防水及保护层，费用综合考虑。 | D27: m² | E27: 1 | F27: 53.8 | G27: =ROUND(E27*F27,2) -> 53.8
A28: 25 | B28: 涂料防水处理及保护层 | C28: 1.根据具体项目及部位重新做找平层、防水及保护层，费用综合考虑。 | D28: m² | E28: 1 | F28: 53.8 | G28: =ROUND(E28*F28,2) -> 53.8
A29: 26 | B29: 炉渣回填 | C29: 恢复至原厚度。 | D29: m³ | E29: 1 | F29: 407.93 | G29: =ROUND(E29*F29,2) -> 407.93
A30: 27 | B30: 炉渣保护层（砂浆） | C30: 厚度综合考虑。 | D30: m² | E30: 1 | F30: 70.3 | G30: =ROUND(E30*F30,2) -> 70.3
A31: 28 | B31: 抹抗裂砂浆，铺钢丝网 | C31: 砂浆厚度综合考虑，钢丝网符合要求 | D31: m² | E31: 1 | F31: 102.6 | G31: =ROUND(E31*F31,2) -> 102.6
A32: 29 | B32: 干挂石材拆除3.5米以下 | C32: 不含拆除钢龙骨。 | D32: m² | E32: 1 | F32: 106.4 | G32: =ROUND(E32*F32,2) -> 106.4
A33: 30 | B33: 干挂石材恢复 | C33: 包含主材费，含安装钢龙骨，主材根据具体项目要求更换 | D33: m² | E33: 1 | F33: 756.5 | G33: =ROUND(E33*F33,2) -> 756.5
A34: 31 | B34: 管道结构剔槽（暗埋） | D34: m | E34: 1 | F34: 53.2 | G34: =ROUND(E34*F34,2) -> 53.2
A35: 32 | B35: 套管结构破除 | D35: 处 | E35: 1 | F35: 95 | G35: =ROUND(E35*F35,2) -> 95
A36: 33 | B36: 管道防水处理及保护层 | C36: 根据具体项目及部位重新做防水及保护层，费用综合考虑。 | D36: m | E36: 1 | F36: 79.8 | G36: =ROUND(E36*F36,2) -> 79.8
A37: 34 | B37: 套管防水处理及保护层 | C37: 根据具体项目及部位重新做防水及保护层，费用综合考虑。 | D37: 处 | E37: 1 | F37: 118.37 | G37: =ROUND(E37*F37,2) -> 118.37
A38: 35 | B38: 暗埋管道结构恢复 | C38: 恢复至原状。 | D38: m | E38: 1 | F38: 34.2 | G38: =ROUND(E38*F38,2) -> 34.2
A39: 36 | B39: 套管结构恢复 | C39: 恢复至原状。 | D39: 处 | E39: 1 | F39: 41.8 | G39: =ROUND(E39*F39,2) -> 41.8
A40: 37 | B40: 地面石材铺装恢复 | C40: 1.恢复至原状。 2.包含主材费，主材需根据具体要求进行更换 | D40: m² | E40: 1 | F40: 600.64 | G40: =ROUND(E40*F40,2) -> 600.64
A41: 38 | B41: 人工挖土 | D41: m³ | E41: 1 | F41: 190 | G41: =ROUND(E41*F41,2) -> 190
A42: 39 | B42: 土方回填 | C42: 土方来源综合考虑。 | D42: m³ | E42: 1 | F42: 171 | G42: =ROUND(E42*F42,2) -> 171
A43: 40 | B43: 夯实地坪 | D43: m² | E43: 1 | F43: 32.3 | G43: =ROUND(E43*F43,2) -> 32.3
A44: 41 | B44: 水污水井零星砌砖 | D44: m³ | E44: 1 | F44: 1350.52 | G44: =ROUND(E44*F44,2) -> 1350.52
A45: 42 | B45: 雨污水井零星抹灰 | C45: 厚度综合考虑。 | D45: m² | E45: 1 | F45: 85.88 | G45: =ROUND(E45*F45,2) -> 85.88
A46: 43 | B46: 零星混凝土（修补） | D46: m³ | E46: 1 | F46: 1463 | G46: =ROUND(E46*F46,2) -> 1463
A47: 44 | B47: 混凝土地面切缝 | C47: 分线、机械切割、深度8cm-10cm | D47: m | E47: 1 | F47: 13.3 | G47: =ROUND(E47*F47,2) -> 13.3
A48: 45 | B48: 剔打外墙砖 | C48: 1.剔除、清理； 2.采用切割方式，避免锤击破坏周围的墙砖 | D48: m² | E48: 1 | F48: 133.38 | G48: =ROUND(E48*F48,2) -> 133.38
A49: 46 | B49: 粘贴外墙砖 | C49: 1.恢复至原状； 2.含主材价格； 3.外墙机械、脚手架等另列。 | D49: m² | E49: 1 | F49: 495.83 | G49: =ROUND(E49*F49,2) -> 495.83
A50: 47 | B50: 简易打围 | C50: 警示桩、警示带、警示标识、PVC围挡 | D50: m | E50: 1 | F50: 9.5 | G50: =ROUND(E50*F50,2) -> 9.5
A51: 48 | B51: 成品打围 | D51: m | E51: 1 | F51: 375.2 | G51: =ROUND(E51*F51,2) -> 375.2
A52: 49 | B52: 混凝土浇筑 | C52: 混凝土制作、运输、浇筑、振捣、压光、养护。 | D52: m3 | E52: 1 | F52: 1292 | G52: =ROUND(E52*F52,2) -> 1292
A53: 50 | B53: 强化地板安装 | C53: 安装地板，防潮垫，金属扣条，成品保护，建渣清理，厚度1.2cm | D53: m2 | E53: 1 | F53: 110.2 | G53: =ROUND(E53*F53,2) -> 110.2
A54: 51 | B54: 实木地板安装 | C54: 安装地板，木龙骨，金属扣条成品保护，建渣清运 | D54: ㎡ | E54: 1 | F54: 342 | G54: =ROUND(E54*F54,2) -> 342
A55: 52 | B55: 木工板做成品保护 | C55: 1.5cm厚木工板铺设墙、地面 | D55: ㎡ | E55: 1 | F55: 45 | G55: =ROUND(E55*F55,2) -> 45
A56: 53 | B56: 其它材料做成品保护 | C56: 专用成品保护地垫，聚乙烯保护膜，土工布，彩条布。 | D56: ㎡ | E56: 1 | F56: 11.4 | G56: =ROUND(E56*F56,2) -> 11.4
A57: 54 | B57: 安全防护通道 | C57: 临时通道 根据现场情况对施工范围有人出入处设防护棚 所用木板 栏杆架 密目式安全网封闭等材料综合单价考虑，按投影面积计算 | D57: m² | E57: 1 | F57: 148.2 | G57: =ROUND(E57*F57,2) -> 148.2
A58: 55 | B58: 石材更换安装 | C58: 1.施工面清理；2.成品保护；3.剔除石材；4.剔除砂浆至基层；5.基层处理；6.粘贴石材；7.修补窗台. 门槛周边腻子涂料；8.清运保洁 | D58: m² | E58: 1 | F58: 351.5 | G58: =ROUND(E58*F58,2) -> 351.5
A59: 56 | B59: 花岗石石球安装 | C59: $500mm石球制作、运输、安装 | D59: 个 | E59: 1 | F59: 684 | G59: =ROUND(E59*F59,2) -> 684
A60: 57 | B60: 挖土及回填 | C60: 人工挖、填、运输、挖栽植物等 | D60: m³ | E60: 1 | F60: 326.8 | G60: =ROUND(E60*F60,2) -> 326.8
A61: 58 | B61: 砼墙开孔（ф160mm以下，墙厚240mm以下） | C61: 成品保护，开孔，局部损坏修复 | D61: 个 | E61: 1 | F61: 228 | G61: =ROUND(E61*F61,2) -> 228
A62: 59 | B62: 砼墙开孔（ф82.6mm以下，墙厚240mm以下） | C62: 成品保护，开孔，局部损坏修复 | D62: 个 | E62: 1 | F62: 152 | G62: =ROUND(E62*F62,2) -> 152
A63: 60 | B63: 砖墙开孔（ф160mm以下，墙厚240mm以下） | C63: 成品保护，开孔，局部损坏修复 | D63: 个 | E63: 1 | F63: 190 | G63: =ROUND(E63*F63,2) -> 190
... A159: 156 | B159: 恢复GRC | C159: 1、拆除、恢复采用脚手架只计入一次， 2、GRC安装包含饰面层恢复。 | D159: m | E159: 1 | F159: 159.6 | G159: =ROUND(E159*F159,2) -> 159.6
A160: 157 | B160: 地面打磨（地坪漆） | D160: m² | E160: 1 | F160: 66.5 | G160: =ROUND(E160*F160,2) -> 66.5
A161: 158 | B161: 防腐木地板拆除 | C161: 1.基层龙骨拆除2.面层防腐木地板拆除3.地面清扫 | D161: m² | E161: 1 | F161: 40.85 | G161: =ROUND(E161*F161,2) -> 40.85
A162: 159 | B162: 安装防腐木地板 | C162: 1.厚2.5-3cm厚防腐木地板2.基层50*50mm木龙骨安装 | D162: m² | E162: 1 | F162: 427.5 | G162: =ROUND(E162*F162,2) -> 427.5
A163: 160 | B163: 不锈钢门制作安装 | C163: 1.不锈钢矩管、不锈钢板材2.焊接打磨3.安装调试4.卫生保洁 | D163: m² | E163: 1 | F163: 1683.4 | G163: =ROUND(E163*F163,2) -> 1683.4
A164: 161 | B164: 铺设炒油路面 | C164: 1.炒油运输铺设2.压路机压实3.厚6cm4.工程量大小综合计算 | D164: m² | E164: 1 | F164: 258.4 | G164: =ROUND(E164*F164,2) -> 258.4
A165: 162 | B165: 1.0厚不锈钢风管 | C165: 1.不锈钢风管2.焊接打磨3.安装调试4.卫生保洁 | D165: m² | E165: 1 | F165: 687 | G165: =ROUND(E165*F165,2) -> 687
A166: 163 | B166: 成品机制烟道 | C166: 300*400*15 | D166: m | E166: 1 | F166: 87.36 | G166: =ROUND(E166*F166,2) -> 87.36
A167: 164 | B167: 成品机制烟道 | C167: 250*300*15 | D167: m | E167: 1 | F167: 67.96 | G167: =ROUND(E167*F167,2) -> 67.96
A168: 165 | B168: 成品机制烟道 | C168: 400*500*15 | D168: m | E168: 1 | F168: 112.62 | G168: =ROUND(E168*F168,2) -> 112.62
A169: 166 | B169: 烟道镀锌铁皮 | C169: 1mm厚镀锌铁皮 | D169: m2 | E169: 1 | F169: 85 | G169: =ROUND(E169*F169,2) -> 85
A170: 167 | B170: 不锈钢止回阀 | C170: Φ160 | D170: 个 | E170: 1 | F170: 91 | G170: =ROUND(E170*F170,2) -> 91
A171: 168 | B171: 不锈钢风帽 | C171: Φ400 | D171: 个 | E171: 1 | F171: 291.26 | G171: =ROUND(E171*F171,2) -> 291.26
A172: 169 | B172: 铺设炒油路面 | C172: 1.炒油运输铺设2.压路机压实3.厚6cm4.工程量大小综合计算 | D172: m² | E172: 1 | F172: 258.4 | G172: =ROUND(E172*F172,2) -> 258.4
A173: 170 | B173: 装饰
A174: 171 | B174: 铝塑板安装 | C174: 包含材料费、运输费、损耗等费用 | D174: m² | E174: 1 | F174: 463.4 | G174: =ROUND(E174*F174,2) -> 463.4
A175: 172 | B175: 铝单板安装 | C175: 包含材料费、运输费、损耗等费用 | D175: ㎡ | E175: 1 | F175: 629.4 | G175: =ROUND(E175*F175,2) -> 629.4
A176: 173 | B176: 隔音棉安装 | C176: 包含材料费、运输费、损耗等费用 | D176: m2 | E176: 1 | F176: 74.1 | G176: =ROUND(E176*F176,2) -> 74.1
A177: 174 | B177: 机房硅酸钙吸音板 | C177: 包含材料费、运输费、损耗等费用 | D177: ㎡ | E177: 1 | F177: 266.25 | G177: =ROUND(E177*F177,2) -> 266.25
A178: 175 | B178: 木质吸音板 | C178: 包含材料费、运输费、损耗等费用 | D178: ㎡ | E178: 1 | F178: 342 | G178: =ROUND(E178*F178,2) -> 342
A179: 176 | B179: 木工板基层制作 | C179: 包含材料费、运输费、损耗等费用 | D179: ㎡ | E179: 1 | F179: 207.1 | G179: =ROUND(E179*F179,2) -> 207.1
A180: 177 | B180: 实木饰面板 | C180: 包含材料费、运输费、损耗等费用 | D180: ㎡ | E180: 1 | F180: 458.4 | G180: =ROUND(E180*F180,2) -> 458.4
A181: 178 | B181: 竹纤维饰面板安装 | C181: 包含材料费、运输费、损耗等费用、基层费用 | D181: ㎡ | E181: 1 | F181: 178.6 | G181: =ROUND(E181*F181,2) -> 178.6
A182: 179 | B182: 高分子地沟盖板 | C182: 包含材料费、运输费、损耗等费用、基层费用，厚4cm | D182: ㎡ | E182: 1 | F182: 271.7 | G182: =ROUND(E182*F182,2) -> 271.7
A183: 180 | B183: 镀锌格栅安装 | C183: 包含材料费、运输费、损耗等费用、基层费用，厚度5cm | D183: ㎡ | E183: 1 | F183: 501.6 | G183: =ROUND(E183*F183,2) -> 501.6
A184: 181 | B184: 矿棉板吊顶 | C184: 包含材料费、运输费、损耗等费用、基层费用 | D184: ㎡ | E184: 1 | F184: 129.2 | G184: =ROUND(E184*F184,2) -> 129.2
A185: 182 | B185: 墙地面，面砖安装 | C185: 包含材料费、运输费、损耗等费用.含主材 | D185: ㎡ | E185: 1 | F185: 275.5 | G185: =ROUND(E185*F185,2) -> 275.5
... A202: 199 | B202: 轻钢龙骨纸面石膏板干墙（单面） | C202: 75龙骨、天地龙骨、穿心龙骨、纸面石膏板、辅材 | D202: m² | E202: 1 | F202: 224.2 | G202: =ROUND(E202*F202,2) -> 224.2
A203: 200 | B203: 铝合金雨棚 | D203: m² | E203: 1 | F203: 1064 | G203: =ROUND(E203*F203,2) -> 1064
A204: 201 | B204: 防水类
A205: 202 | B205: 墙砖面外墙渗漏（用吊篮） | C205: 1.现场维护；2.采用吊兰；3.剔打外墙砖层至基层清理；4.堵漏；5.挂网抹灰找平保温层；6.外墙淋水试验；7.砖面恢复；8.保洁 | D205: m² | E205: 1 | F205: 573.8 | G205: =ROUND(E205*F205,2) -> 573.8
A206: 203 | B206: 墙砖面外墙渗漏（不用吊篮） | C206: 1.现场维护；2.剔打外墙砖至基层清理；3.堵漏；4.挂网抹灰找平保温层；5.外墙淋水试验；6.砖面恢复；7.保洁 | D206: m² | E206: 1 | F206: 538.08 | G206: =ROUND(E206*F206,2) -> 538.08
A207: 204 | B207: 涂料面外墙渗漏（用吊篮） | C207: 1.现场维护；2.采用吊兰；3.剔打外墙涂装层防水砂浆层至基层清理；4.堵漏；5.挂网抹灰找平保温层；6.外墙淋水试验；7.涂装层恢复；8.保洁 | D207: m² | E207: 1 | F207: 519.65 | G207: =ROUND(E207*F207,2) -> 519.65
A208: 205 | B208: 涂料面外墙渗漏（不用吊篮） | C208: 1.现场维护；2.剔打外墙涂装层防水砂浆层至基层清理；3.堵漏；4.挂网抹灰找平保温层；5.外墙淋水试验；6.涂装层恢复；7.保洁 | D208: m² | E208: 1 | F208: 464.74 | G208: =ROUND(E208*F208,2) -> 464.74
A209: 206 | B209: 屋面裂缝修补 | C209: 修补 | D209: m² | E209: 1 | F209: 70.8 | G209: =ROUND(E209*F209,2) -> 70.8
A210: 207 | B210: 屋面各部位渗漏 | C210: 1.场地清理；2. 闭水找漏水点；3.场地打围; 4.剔打刚性保护层;5.剔打保温层砂浆层至基层;6. 闭水找漏水点； 7.漏水点基层处理;8. 闭水检验；9.做聚氨酯防水层； 10.做防水保护层;11.做保温； 12.保温保护层;13. 刚性保护层； 14.建渣清运 | D210: m² | E210: 1 | F210: 326.3 | G210: =ROUND(E210*F210,2) -> 326.3
A211: 208 | B211: 屋面通气管道破损 | C211: 修补 | D211: m | E211: 1 | F211: 83.6 | G211: =ROUND(E211*F211,2) -> 83.6
A212: 209 | B212: 暗埋给水管道渗漏水维修 | C212: 1.水管打压；2.施工面清理；3.成品保护；4.踢打施工面；5.换水管（含管件）； | D212: 处 | E212: 1 | F212: 951.52 | G212: =ROUND(E212*F212,2) -> 951.52
A213: 210 | B213: 吊顶内给水管渗漏维修 | C213: 1.施工面清理；2.成品保护；3.拆面板；4.水管打压；5.换水管（含管件） ；6.保洁 | D213: 处 | E213: 1 | F213: 801.8 | G213: =ROUND(E213*F213,2) -> 801.8
A214: 211 | B214: 阳台外明装给水渗漏修复 | C214: 1.施工面清理；2.成品保护；4.换水管（含管件）；5.试水；6.保洁 | D214: 处 | E214: 1 | F214: 503.5 | G214: =ROUND(E214*F214,2) -> 503.5
A215: 212 | B215: 堵漏剂堵漏 | C215: 剔除原有管口附近水泥砖块，四周阴角用堵漏剂封堵 | D215: 处 | E215: 1 | F215: 128.4 | G215: =ROUND(E215*F215,2) -> 128.4
A216: 213 | B216: 地下室墙面顶面防水渗漏水处理（防水材料可采用SBS、JS、丙稀酸、聚氨酯、渗透结晶型及其它水泥基防水等材料 | C216: 成品保护，保护层、防水层、找平层拆除恢复，防水层处理恢复，基层清理，建渣清运 | D216: m² | E216: 1 | F216: 75.3 | G216: =ROUND(E216*F216,2) -> 75.3
... A219: 216 | B219: 空调飘窗漏水 | C219: 蜘蛛人做基层抗裂砂浆找坡，面层防水堵漏，辅助工安全警示，传递材料 | D219: 处 | E219: 1 | F219: 2337 | G219: =ROUND(E219*F219,2) -> 2337
...

Sheet 垃圾房
A1: 成都英英房地产开发有限公司破产清算案维修工程 【垃圾房】工程量清单
A2: 工程名称：成都英英房地产开发有限公司破产清算案维修工程【垃圾房】
A3: 序号 | B3: 项目名称 | C3: 项目特征描述 | D3: 计量 单位 | E3: 工程量 | F3: 金额（元） | H3: 备注
F4: 综合单价 | G4: 合价
A5: 1 | B5: 挖沟槽土方（机械开挖） | C5: 1.土石比例：综合； 2.基础类型：综合； 3.开挖深度：以现场实际情况为准； 4.开挖方式：机械开挖 5.场内运距：1km以内 | D5: m | E5: =(4+6)*2 -> 20 | F5: 186.22 | G5: =ROUND(E5*F5,2) -> 3724.4
A6: 2 | B6: 挖沟槽土方（人工开挖） | C6: 1.土石比例：综合； 2.基础类型：综合； 3.开挖深度：以现场实际情况为准； 4.开挖方式：人工开挖 5.场内运距：1km以内 | D6: m | E6: 20 | F6: 226.8 | G6: =ROUND(E6*F6,2) -> 4536
A7: 3 | B7: 路沿石拆除 | C7: 1、路沿石规格：800×150×300 | D7: m | E7: 50 | F7: 27.8 | G7: =ROUND(E7*F7,2) -> 1390
A8: 4 | B8: 路沿石恢复 | C8: 1、路沿石规格：800×150×300 | D8: m | E8: 50 | F8: 152.6 | G8: =ROUND(E8*F8,2) -> 7630
A9: 5 | B9: C20细石砼垫层 | C9: 1.垫层材料种类、厚度:C20细石混凝土；100mm厚 2.混凝土强度等级:C20； | D9: m3 | E9: 1 | F9: 572.3 | G9: =ROUND(E9*F9,2) -> 572.3
A10: 6 | B10: 垫层钢筋网片 | C10: 1、规格：φ6@200单层双向钢筋网片 | D10: m2 | E10: =20*0.4 -> 8 | F10: 32.8 | G10: =ROUND(E10*F10,2) -> 262.4
A11: 7 | B11: 圈梁混凝土浇筑 | C11: 1、混凝土强度等级：综合 | D11: m3 | E11: =0.2*0.2*20*2 -> 1.6 | F11: 638.2 | G11: =ROUND(E11*F11,2) -> 1021.12
A12: 8 | B12: 矩形柱、构造柱混凝土浇筑 | C12: 1、混凝土强度等级：综合 | D12: m3 | E12: =0.2*0.2*3*4 -> 0.48 | F12: 638.2 | G12: =ROUND(E12*F12,2) -> 306.34
A13: 9 | B13: 有梁板混凝土浇筑 | C13: 1、混凝土强度等级：综合 2、板厚120mm | D13: m3 | E13: =0.12*4*6 -> 2.88 | F13: 638.2 | G13: =ROUND(E13*F13,2) -> 1838.02
A14: 10 | B14: HRB400φ20钢筋制安 | C14: 1、钢筋种类、规格：HRB400φ20 | D14: t | E14: 0.5 | F14: 6282.6 | G14: =ROUND(E14*F14,2) -> 3141.3
A15: 11 | B15: HRB400φ16钢筋制安 | C15: 1、钢筋种类、规格：HRB400φ16 | D15: t | E15: 1 | F15: 6282.6 | G15: =ROUND(E15*F15,2) -> 6282.6
A16: 12 | B16: HRB400φ14钢筋制安 | C16: 1、钢筋种类、规格：HRB400φ14 | D16: t | E16: 0.5 | F16: 6282.6 | G16: =ROUND(E16*F16,2) -> 3141.3
A17: 13 | B17: HRB400φ12钢筋制安 | C17: 1、钢筋种类、规格：HRB400φ12 | D17: t | E17: 0.8 | F17: 6282.6 | G17: =ROUND(E17*F17,2) -> 5026.08
A18: 14 | B18: HRB400φ10钢筋制安 | C18: 1、钢筋种类、规格：HRB400φ10 | D18: t | E18: 0.5 | F18: 6568.2 | G18: =ROUND(E18*F18,2) -> 3284.1
A19: 15 | B19: HRB400φ8钢筋制安 | C19: 1、钢筋种类、规格：HRB400φ8 | D19: t | E19: 0.5 | F19: 6568.2 | G19: =ROUND(E19*F19,2) -> 3284.1
A20: 16 | B20: 圈梁模板 | C20: 1、模板类型：木模板 | D20: m2 | E20: =20*0.2*2*2 -> 16 | F20: 88.36 | G20: =ROUND(E20*F20,2) -> 1413.76
A21: 17 | B21: 矩形柱、构造柱模板 | C21: 1、模板类型：木模板 | D21: m2 | E21: =0.8*3*4 -> 9.6 | F21: 88.36 | G21: =ROUND(E21*F21,2) -> 848.26
A22: 18 | B22: 房心回填 | C22: 1、原土回填 2、素土夯实 | D22: m2 | E22: 20 | F22: 82.3 | G22: =ROUND(E22*F22,2) -> 1646
A23: 19 | B23: 有梁板模板 | C23: 1、模板类型：木模板 | D23: m2 | E23: =24 -> 24 | F23: 88.36 | G23: =ROUND(E23*F23,2) -> 2120.64
A24: 20 | B24: 砖砌体 | C24: 1.砖品种、规格、强度等级:页岩多孔砖,规格及强度等级综合 2.砂浆种类:湿拌砂浆 M10 3.墙体厚度:综合 | D24: m3 | E24: =(24*3-2.5*2.8)*0.2 -> 13 | F24: 723.6 | G24: =ROUND(E24*F24,2) -> 9406.8
A25: 21 | B25: 排水沟砌筑抹灰 | C25: 1.沟截面尺寸：排水沟净宽300mm、净深30000mm、壁厚为120mm； 2.垫层材料种类、厚度:C20细石混凝土、厚100mm 3.砖品种、规格、强度等级:MU10烧结页岩砖、240mm×115mm×53mm 4.砂浆强度等级、配合比:20mm厚1:2.5防水砂浆 | D25: m | E25: =15 -> 15 | F25: 586.1 | G25: =ROUND(E25*F25,2) -> 8791.5
A26: 22 | B26: 排水沟防水 | C26: 丙纶布防水防水一道、水泥胶一道 | D26: m | E26: 15 | F26: 57.6 | G26: =ROUND(E26*F26,2) -> 864
A27: 23 | B27: 内墙抹灰 | C27: 1.基层类型:综合考虑 2.砂浆厚度、配合比：M15湿拌砂浆 厚度20mm | D27: m2 | E27: =23*3-2.5*2.8-0.6*1.2 -> 61.28 | F27: 37.6 | G27: =ROUND(E27*F27,2) -> 2304.13
A28: 24 | B28: 墙砖墙面 | C28: 1、墙体类型：综合 2、粘接层厚度及种类：10厚M20水泥砂浆掺5%防水剂 3、面层材料种类：300*600*10灰色哑光陶瓷砖 | D28: m2 | E28: =(4*6-2.5)*1.5 -> 32.25 | F28: 220.8 | G28: =ROUND(E28*F28,2) -> 7120.8
A29: 25 | B29: 外墙抹灰 | C29: 1.基层类型:综合考虑 2.砂浆厚度、配合比：M15湿拌砂浆 厚度20mm 3.掺5%防水剂 | D29: m2 | E29: =24*3-2.5*2.8-0.6*1.2 -> 64.28 | F29: 57.1 | G29: =ROUND(E29*F29,2) -> 3670.39
A30: 26 | B30: 内墙及天棚耐水腻子 | C30: 1.基层类型：综合考虑 2.腻子种类：满刮耐水腻子两遍，磨平，成品腻子 | D30: m2 | E30: 57 | F30: 42.88 | G30: =ROUND(E30*F30,2) -> 2444.16
A31: 27 | B31: 外墙涂料 | C31: 1.基层类型：综合考虑 2.材料种类：外墙弹性涂料 | D31: m2 | E31: 66 | F31: 75.62 | G31: =ROUND(E31*F31,2) -> 4990.92
A32: 28 | B32: 室内地坪 | C32: 1.面层厚度、混凝土强度等级：50mm厚C20细石混凝土 2.基层类型：综合考虑 | D32: m2 | E32: 20 | F32: 86.1 | G32: =ROUND(E32*F32,2) -> 1722
A33: 29 | B33: 室内地面硬化 | C33: 1.厚度、混凝土强度等级：200mm厚C30混凝土 | D33: m2 | E33: 20 | F33: 192.6 | G33: =ROUND(E33*F33,2) -> 3852
A34: 30 | B34: 地砖楼地面 | C34: 1、基层类型：综合 2、粘接层厚度及种类：20厚M20水泥砂浆掺5%防水剂 3、面层材料种类：600*600*10灰色哑光陶瓷砖 | D34: m2 | E34: 36 | F34: 273.6 | G34: =ROUND(E34*F34,2) -> 9849.6
A35: 31 | B35: 屋面 | C35: 1.1.5mm厚非固化橡胶沥青防水涂料 2.1.5mm厚单面自粘高分子膜基湿铺防水卷材 3.最薄处30mm厚C20细石砼 4.内配φ6@200双向钢筋网片 | D35: m2 | E35: 20 | F35: 178.2 | G35: =ROUND(E35*F35,2) -> 3564
A36: 32 | B36: 推拉窗 | C36: 1、规格：600*1200 2、多腔断桥铝合金推拉窗 6中透光Low-e+12A+6透明 | D36: m2 | E36: 1 | F36: 988.2 | G36: =ROUND(E36*F36,2) -> 988.2
A37: 33 | B37: 卷帘门 | C37: 1.规格尺寸：2500*2800 普通卷帘门 2.配套组件：钢制轨道（截面 120×60mm，厚度 2.5mm）、无缝钢管卷轴（Φ114mm，壁厚 3.5mm）、制动器、限位器 | D37: m2 | E37: =2.5*2.8 -> 7 | F37: 726.3 | G37: =ROUND(E37*F37,2) -> 5084.1
A38: 34 | B38: 标识标牌 | C38: 1、规格：选型500*500mm以内 2、材质：KT板或亚克力 | D38: 个 | E38: 1 | F38: 116.8 | G38: =ROUND(E38*F38,2) -> 116.8
A39: 35 | B39: 外架 | C39: 1.搭设方式：综合 2、按垂直投影面积计算 | D39: m2 | E39: =24*3 -> 72 | F39: 95.2 | G39: =ROUND(E39*F39,2) -> 6854.4
A40: 36 | B40: 给水管道 | C40: 1、材料规格：PPR20 2、施工方式：明敷、热熔连接 | D40: m | E40: 20 | F40: 48.28 | G40: =ROUND(E40*F40,2) -> 965.6
A41: 37 | B41: 水龙头 | C41: 1、材料规格：DN20 2、施工方式：明敷 | D41: 个 | E41: 1 | F41: 50.6 | G41: =ROUND(E41*F41,2) -> 50.6
A42: 38 | B42: 照明 | C42: 1、灯具种类：吸顶灯 | D42: 个 | E42: 2 | F42: 126.12 | G42: =ROUND(E42*F42,2) -> 252.24
A43: 39 | B43: 照明配管 | C43: 1、材料规格：PVC20 2、施工方式：明敷 | D43: m | E43: 20 | F43: 8.62 | G43: =ROUND(E43*F43,2) -> 172.4
A44: 40 | B44: 照明配线 | C44: 1、材料规格：WDZN-BV-2.5 2、施工方式：管内敷设 | D44: m | E44: 63 | F44: 7.51 | G44: =ROUND(E44*F44,2) -> 473.13
A45: 41 | B45: 开关 | C45: 1、品种规格：单开单控 | D45: 个 | E45: 1 | F45: 16.38 | G45: =ROUND(E45*F45,2) -> 16.38
A46: 42 | B46: 落水管 | C46: 1、材料规格：PVC-U100 2、施工方式：明敷 | D46: m | E46: 3 | F46: 76.11 | G46: =ROUND(E46*F46,2) -> 228.33
A47: 43 | B47: 收水口 | C47: 1、材料规格：DE100 | D47: 个 | E47: 1 | F47: 43.6 | G47: =ROUND(E47*F47,2) -> 43.6
A48: 44 | B48: 措施项 | C48: 1.工程水电费 2.成品保护 3.垂直运输及水平运输、吊车设备进出场 4.障碍物及场地清理 5.建渣清运 6.配合物业费用 | D48: 项 | E48: 1 | F48: 22800 | G48: =ROUND(E48*F48,2) -> 22800
A49: 45 | B49: 满堂脚手架 | C49: 1.搭设方式：综合 2.按水平投影面积计算 | D49: m2 | E49: 20 | F49: 72.3 | G49: =ROUND(E49*F49,2) -> 1446
A50: 46 | B50: 安全文明施工费 | C50: 包含安全施工、文明施工、临时设施、人员食宿、楼层及周边因素导致的施工降效等方面的投入； 按直接工程费3%计取。 | D50: 项 | E50: 1 | F50: 0.03 | G50: =ROUND(SUM(G5:G49)*0.03,2) -> 4486.22
A51: 47 | B51: 管理费 | C51: 按直接工程费的5%计取 | D51: 项 | E51: 1 | F51: 0.05 | G51: =ROUND(SUM(G5:G49)*0.05,2) -> 7477.04
A52: 48 | B52: 利润 | C52: 按直接工程费的8%计取 | D52: 项 | E52: 1 | F52: 0.08 | G52: =ROUND(SUM(G5:G49)*0.08,2) -> 11963.26
A53: 49 | B53: 不含税小计 | G53: =SUM(G5:G52) -> 173467.32
A54: 50 | B54: 税金 | C54: 直接工程费及综合取费为计算基数，税率9% | F54: 0.09313 | G54: =ROUND(G53*9%,2) -> 15612.06
A55: 51 | B55: 合计 | G55: =G53+G54 -> 189079.38
A56: 报价说明：1、综合单价包含但不限于人工费、材料费、机械费、施工过程中的人工及材料涨价风险费、完成对应工序所需要的一切周材租赁/耗材损失/配合等费用。 2、本报价工程量为暂估，以现场实际收方签字盖章确认为准。

Sheet 亮化
A1: 成都英英房地产开发有限公司破产清算案维修工程 【1#楼亮化】工程量清单
A2: 工程名称：成都英英房地产开发有限公司破产清算案维修工程【亮化工程】
A3: 序号 | B3: 项目名称 | C3: 项目特征 | D3: 计量 单位 | E3: 工程量 | F3: 金额（元） | H3: 备注
F4: 综合单价 | G4: 合价
A5: 1 | B5: LED点光源DG01 LED3W/3000K/DC24V/L=300mm/IP65 | C5: 1.名称 2.型号 3.规格 4.类型 | D5: 套 | E5: 213 | F5: 577.92 | G5: =ROUND(E5*F5,2) -> 123096.96
A6: 2 | B6: LED投光灯TG01 LED72W/3500K/AC220V/IP65 | C6: 1.名称 2.型号 3.规格 4.类型 | D6: 套 | E6: 38 | F6: 2637.41 | G6: =ROUND(E6*F6,2) -> 100221.58
A7: 3 | B7: LED线条灯L01a LED12W/3000K/DC24V/L=1000mm/IP65 | C7: 1.名称 2.型号 3.规格 4.类型 | D7: 套 | E7: 694 | F7: 894.94 | G7: =ROUND(E7*F7,2) -> 621088.36
A8: 4 | B8: LED线条灯L01b LED6W/3000K/DC24V/L=500mm/IP65 | C8: 1.名称 2.型号 3.规格 4.类型 | D8: 套 | E8: 6 | F8: 655.82 | G8: =ROUND(E8*F8,2) -> 3934.92
A9: 5 | B9: LED线条灯L01b LED4W/3000K/DC24V/L=300mm/IP65 | C9: 1.名称 2.型号 3.规格 4.类型 | D9: 套 | E9: 43 | F9: 515.42 | G9: =ROUND(E9*F9,2) -> 22163.06
A10: 6 | B10: 灯光集控系统主机 | C10: 1.名称 2.类别 3.规格 | D10: 套 | E10: 1 | F10: 20920.8 | G10: =ROUND(E10*F10,2) -> 20920.8
A11: 7 | B11: 防雨开关电源 350W/220V/24V | C11: 1.种类 2.规格 3.型号 4.容量 | D11: 台 | E11: 36 | F11: 1529.99 | G11: =ROUND(E11*F11,2) -> 55079.64
A12: 8 | B12: 防雨开关电源箱 | C12: 1.名称 2.型号 3.规格 4.基础形式、材质、规格 5.接线端子材质、规格 6.端子板外部接线材质、规格 7.安装方式 | D12: 台 | E12: 8 | F12: 21941.45 | G12: =ROUND(E12*F12,2) -> 175531.6
A13: 9 | B13: 分控器 DMX512/八端口 | C13: 1.名称 2.型号 3.规格 4.容量(A) 5.接线端子材质、规格 | D13: 个 | E13: 12 | F13: 14836.16 | G13: =ROUND(E13*F13,2) -> 178033.92
A14: 10 | B14: 光电转换器 | C14: 1.规格 2.型号 | D14: 个 | E14: 4 | F14: 24147 | G14: =ROUND(E14*F14,2) -> 96588
A15: 11 | B15: 核心网络交换机 | C15: 1.名称 2.功能 3.层数 | D15: 台 | E15: 1 | F15: 30547.9 | G15: =ROUND(E15*F15,2) -> 30547.9
A16: 12 | B16: 网络交换机 | C16: 1.名称 2.功能 3.层数 | D16: 台 | E16: 2 | F16: 11137.57 | G16: =ROUND(E16*F16,2) -> 22275.14
... A35: 31 | B35: 幕墙开洞费用 | C35: 措施费采用固定综合单价包干，包含施工过程中的人工及材料涨价风险费等费用，无论工程量增减结算时不得以任何理由调整固定综合单价 | D35: 项 | E35: 1 | F35: 18000 | G35: =ROUND(E35*F35,2) -> 18000
A36: 32 | B36: 成品保护费 | D36: 项 | E36: 1 | F36: 32967.55 | G36: =ROUND(E36*F36,2) -> 32967.55
A37: 33 | B37: 原有管线是否预留检测费等 | D37: 项 | E37: 1 | F37: 4500 | G37: =ROUND(E37*F37,2) -> 4500
A38: 34 | B38: 蜘蛛人施工降效补偿 | D38: 项 | E38: 1 | F38: 28257.9 | G38: =ROUND(E38*F38,2) -> 28257.9
A39: 35 | B39: 单独考虑意外保险费 | D39: 项 | E39: 1 | F39: 13500 | G39: =ROUND(E39*F39,2) -> 13500
A40: 36 | B40: 脚手架搭拆费，建筑物超高增加费 | D40: 项 | E40: 1 | F40: 29199.83 | G40: =ROUND(E40*F40,2) -> 29199.83
A41: 37 | B41: 调试费 | D41: 系统 | E41: 1 | F41: 25723.43 | G41: =ROUND(E41*F41,2) -> 25723.43
A42: 38 | B42: 配合物业费用 | D42: 项 | E42: 1 | F42: 1800 | G42: =ROUND(E42*F42,2) -> 1800
A43: 39 | B43: 安全文明施工费 | C43: 包含安全施工、文明施工、临时设施、人员食宿、楼层及周边因素导致的施工降效等方面的投入； 按直接工程费3%计取。 | D43: 项 | E43: 1 | F43: 0.03 | G43: =ROUND(SUM(G5:G41)*0.03,2) -> 78603.14
A44: 40 | B44: 管理费 | C44: 按直接工程费的5%计取 （一+二+三）*5% | D44: 项 | E44: 1 | F44: 0.05 | G44: =ROUND(SUM(G5:G43)*0.05,2) -> 135025.39
A45: 41 | B45: 利润 | C45: 按直接工程费的8%计取 （一+二+三）*8% | D45: 项 | E45: 1 | F45: 0.08 | G45: =ROUND(SUM(G5:G44)*0.08,2) -> 226842.65
A46: 42 | B46: 不含税小计 | G46: =ROUND(SUM(G5:G45),2) -> 3062375.8
A47: 43 | B47: 税金 | C47: 直接工程费及综合取费为计算基数，税率9% | F47: 0.09 | G47: =ROUND(G46*F47,2) -> 275613.82
A48: 44 | B48: 合计 | G48: =SUM(G46:G47) -> 3337989.6
A49: 报价说明：1、综合单价包含但不限于人工费、材料费、机械费、施工过程中的人工及材料涨价风险费、完成对应工序所需要的一切周材租赁/耗材损失/配合等费用。 2、本报价工程量为暂估，以现场实际收方签字盖章确认为准。
